 Dungeon Crawl Stone Soup version 0.28.0-53-g5a82cb258f (webtiles) character file.

Game seed: 11208630948443645770

928 Zeld the Thaumaturge (level 7, 0/36 HPs)
             Began as a Deep Elf Conjurer on May 24, 2022.
             Constricted to death by a ball python (1 damage)
             ... on level 4 of the Dungeon.
             The game lasted 00:07:13 (8060 turns).

Zeld the Thaumaturge (Deep Elf Conjurer)            Turns: 8060, Time: 00:07:14

Health: 0/36       AC:  3    Str:  4    XL:     7   Next: 85%
Magic:  21/21      EV:  9    Int: 25    God:
Gold:   265        SH:  0    Dex: 13    Spells: 12/23 levels left

rFire   . . .      SeeInvis .   a - +2 dagger (venom)
rCold   . . .      Faith    .   (no shield)
rNeg    . . .      Spirit   .   g - +0 robe
rPois   .          Reflect  .   i - +0 helmet
rElec   .          Harm     .   (no cloak)
rCorr   .          Rampage  .   (no gloves)
Will    .....                   (no boots)
Stlth   ++........              (no amulet)
HPRegen 0.12/turn               e - ring of flight
MPRegen 0.17/turn               (no ring)

@: flying, constricted
A: no striking features
a: no special abilities


You were on level 4 of the Dungeon.
You visited 1 branch of the dungeon, and saw 4 of its levels.

You collected 265 gold pieces.

Inventory:

Hand Weapons
 a - a +2 dagger of venom (weapon)
Armour
 g - a +0 robe (worn)
 i - a +0 helmet (worn)
Jewellery
 e - a ring of flight (left hand)
Scrolls
 b - a scroll of amnesia {unknown}
 f - a scroll of magic mapping {unknown}
 h - 2 scrolls of vulnerability {unknown}
 k - 2 scrolls of identify {unknown}
 o - a scroll of noise {unknown}
Potions
 c - a potion of flight {unknown}
 d - a potion of curing {unknown}
 j - a potion of berserk rage {unknown}
 l - a potion of heal wounds {unknown}
 m - a potion of ambrosia {unknown}
 n - a potion of lignification {unknown}


   Skills:
 - Level 2.4 Dodging
 - Level 2.4 Stealth
 + Level 8.5 Spellcasting
 + Level 7.9 Conjurations
 - Level 2.0 Hexes
 - Level 2.0 Translocations


You had 12 spell levels left.
You knew the following spells:

 Your Spells              Type           Power      Damage    Failure   Level
a - Magic Dart            Conj           100%       1d8       1%          1
b - Searing Ray           Conj           100%       2d8       1%          2
c - Fulminant Prism       Conj/Hex       17%        3d11      8%          4
d - Iskenderun's Mystic   Conj/Tloc      35%        2d8       8%          4

Your spell library contained the following spells:

 Spells                   Type           Power      Damage    Failure   Level
 Dazzling Flash           Conj/Hex       70%        N/A       2%          3
 Ensorcelled Hibernation  Hex/Ice        30%        N/A       6%          2
 Passwall                 Tmut/Erth      8%         N/A       9%          2
 Swiftness                Air            10%        N/A       17%         3


Dungeon Overview and Level Annotations

Branches:
Dungeon (4/15)
 Temple: D:4-7

Altars:
Makhleb

Annotations:
D:3 3 runed translucent doors, ZappyNine's ghost, amateur BaTm; klau3's ghost, weakling MiBe; pkoi's ghost, novice DgFE


Message History

Unknown command.
Casting: Searing Ray (safe; 1% risk of failure)
Confirm with . or Enter, or press ? or * to list all spells.
Restarting spell: Searing Ray (safe; 1% risk of failure)
Press: ? - help, Shift-Dir - straight line, f - orc
Aim: an orc, wielding a +0 hand axe (83% to hit)
The searing ray hits the orc!
You kill the orc! (Press . to maintain the ray.) Unknown command.
Key pressed, stopping explore.
Magic restored.
Key pressed, stopping explore.
Things that are here:
a +0 hand axe; a +0 short sword; an orc corpse You see here a +0 trident.
Things that are here:
a +0 club; an orc corpse Unknown command.
You see here a +0 trident.
Things that are here:
a +0 hand axe; a +0 short sword; an orc corpse You see here a +0 dagger.
A ball python and an orc come into view.
There are monsters nearby!
There are monsters nearby!
An ogre comes into view. It is wielding a +0 giant spiked club.
The ogre shouts!
The ball python hisses angrily.
The ball python barely misses you. The ball python misses you.
The orc misses you.
The ogre hits you with a +0 giant spiked club!!
Ouch! That really hurt!
* * * LOW HITPOINT WARNING * * *
The ball python closely misses you. The ball python grabs you.
The ball python constricts you.
The ball python's grasp on you weakens, but your attempt to escape fails.
The orc closely misses you. The ball python bites you.
* * * LOW HITPOINT WARNING * * *
The ball python constricts you.
You die...

###########
#.......... ######
#.......... #....#
#.......... #....#
#.........( #...O#
#...)...... #..S@####
#.<.)......
#..o....######).#####
#....##....##...#####
#....#####..#)#.##...
###.## ##...#.#....
#. ##.....[... #.
#.##...... #.####
#.##...... #...##
#รท##.#....


You could see an ogre, an orc and a ball python.

Vanquished Creatures
  A black bear (D:4)
  An ogre (D:3)
  A scorpion (D:4)
  6 hounds
  2 gnoll shamans (D:3)
  An orc wizard (D:4)
  2 orc priests
  A hound skeleton (D:4)
  Robin (D:2)
  17 gnolls (D:3)
  2 adders (D:2)
  3 adder skeletons (D:4)
  A worm (D:2)
  4 dart slugs
  26 orcs
  6 ball pythons
  4 bats
  5 endoplasms
  A giant cockroach (D:3)
  8 goblins
  11 hobgoblins
  17 jackals (D:3)
  5 quokkas
  5 frilled lizards
  6 kobolds
  5 rats
142 creatures vanquished.

Vanquished Creatures (others)
  2 plants (D:3)
2 creatures vanquished.

Grand Total: 144 creatures vanquished

Notes
Turn   | Place    | Note
-------+----------+-------------------------------------------
     0 | D:1      | Zeld the Deep Elf Conjurer began the quest for the Orb.
     0 | D:1      | Reached XP level 1. HP: 10/10 MP: 6/6
    61 | D:1      | Found a faded altar of an unknown god.
   178 | D:1      | Reached skill level 1 in Hexes
   278 | D:1      | Reached skill level 1 in Translocations
   278 | D:1      | Reached XP level 2. HP: 15/15 MP: 1/8
   281 | D:1      | Learned a level 2 spell: Searing Ray
  1305 | D:2      | Reached XP level 3. HP: 19/19 MP: 6/9
  1585 | D:2      | Noticed Robin
  1916 | D:2      | Killed Robin
  2143 | D:2      | Reached skill level 4 in Spellcasting
  2143 | D:2      | Reached XP level 4. HP: 21/24 MP: 4/12
  2148 | D:2      | Learned a level 4 spell: Fulminant Prism
  2153 | D:2      | Learned a level 4 spell: Iskenderun's Mystic Blast
  2720 | D:3      | Reached skill level 5 in Conjurations
  2992 | D:3      | Found a runed translucent gate.
  2992 | D:3      | Found a runed translucent gate.
  3131 | D:3      | Found a runed translucent gate.
  3133 | D:3      | Noticed ZappyNine's ghost (amateur BaTm)
  3133 | D:3      | Noticed pkoi's ghost (novice DgFE)
  3133 | D:3      | Noticed klau3's ghost (weakling MiBe)
  3230 | D:3      | Reached XP level 5. HP: 17/28 MP: 4/14
  3489 | D:3      | Found a burning altar of Makhleb.
  3489 | D:3      | Noticed an Executioner
  3587 | D:3      | Reached skill level 5 in Spellcasting
  4121 | D:3      | Reached XP level 6. HP: 17/32 MP: 8/16
  4261 | D:3      | Reached skill level 6 in Spellcasting
  5469 | D:3      | Reached skill level 7 in Spellcasting
  5551 | D:3      | Reached XP level 7. HP: 36/36 MP: 14/19
  6726 | D:4      | Reached skill level 8 in Spellcasting
  8060 | D:4      | HP: 1/36 [ball python (1)]
  8060 | D:4      | Constricted to death by a ball python

Illustrated notes

Levels and vault maps discovered:
D:1:      psy_arrival_basics, layout_loops_corners, ebering_ecumenical_altar_box
D:2:      layout_loops_ring, uniq_robin
D:3:      lemuel_castle_with_subvaults [lemuel_castle_interior_carwin_2],
          layout_loops_ring, makhleb_altar_promises_db, gammafunk_ghost_cemetery
D:4:      layout_rooms, minmay_ruptured

Skill      XL: |  1  2  3  4  5  6  7 |
---------------+----------------------+-----
Hexes          | 1 2 |  2.0
Translocations | 1 2 |  2.0
Spellcasting   | 4 5 7 8 |  8.5
Conjurations   | 5 6 7 |  7.9
Dodging        | |  2.4
Stealth        | |  2.4

Action                   |  1- 3 |  4- 6 |  7- 9 || total
-------------------------+-------+-------+-------++-------
Melee: Unarmed           |     7 |       |       ||     7
       Dagger            |       |   135 |    76 ||   211
       Punch             |       |     2 |       ||     2
 Cast: Magic Dart        |    18 |     6 |       ||    24
       Searing Ray       |    27 |    43 |    11 ||    81
       Iskenderun's Myst |       |       |     2 ||     2
 Stab: Sleeping          |       |     3 |     2 ||     5
Armor: Robe              |     5 |    24 |    18 ||    47
Dodge: Dodged            |    10 |   115 |    65 ||   190
